 Dungeon Sprint DCSS version 0.30.1-9-gdf580d7c3d (webtiles) character file.

Game seed: 9753850706945465766

12819 Heoruswealwe the Phalangite (level 11, -9/118 HPs)
             Began as a Minotaur Fighter on Sept 29, 2023.
             Was an Initiate of Gozag.
             Mangled by an orc knight
             ... wielding a +0 war axe
              (17 damage)
             ... in the Dungeon (Sprint IX: "|||||||||||||||||||||||||||||").
             The game lasted 00:10:02 (1354 turns).

Heoruswealwe the Phalangite (Minotaur Fighter)      Turns: 1354, Time: 00:10:06

Health: -9/118     AC: 23    Str: 29    XL:     11   Next: 67%
Magic:  10/10      EV:  8    Int:  5    God:    Gozag
Gold:   5691       SH:  0    Dex:  9    Spells: 10/10 levels left

rFire   + . .        b - +2 halberd (protect)
rCold   + . .        (shield currently unavailable)
rNeg    . . .        c - +0 plate armour
rPois   +            (helmet restricted)
rElec   +            h - +0 cloak
rCorr   +            f - +0 pair of gloves
SInv    .            e - +0 pair of boots
Will    .....        (no amulet) Stlth
                     k - +3 ring of strength
HPRegen 0.39/turn    (no ring)
MPRegen 0.12/turn

%: no teleportation
@: resistant
A: horns 2, retaliatory headbutt
a: Renounce Religion, Potion Petition, Call Merchant, Bribe Branch


You were in the Dungeon.
You worshipped Gozag.
Gozag was greatly pleased with you.
You visited 1 branch You collected 5691 gold pieces.

Inventory:

Hand Weapons
 a - a +0 trident
 b - a +2 halberd of protection (weapon)
Armour
 c - a +0 plate armour (worn)
 d - a +0 buckler
 e - a +0 pair of boots (worn)
 f - a +0 pair of gloves (worn)
 h - a +0 cloak (worn)
Jewellery
 k - a +3 ring of strength (left hand)
Wands
 l - a wand of roots (10)
Scrolls
 j - a scroll of blinking
 o - 2 scrolls of enchant armour
 p - 2 scrolls of identify
Potions
 g - a potion of haste


   Skills:
 + Level 17.9 Fighting
 * Level 24.0 Polearms
 + Level 17.9 Armour
 - Level 3.6 Shields


You had 10 spell levels left.
You didn't know any spells.
Your spell library contained the following spells:

 Spells                   Type           Power      Damage    Failure   Level
 Necrotise                Necr           0%         1d4       95%         1
 Vampiric Draining        Necr           0%         2d6       100%        3
 Agony                    Necr           0%         N/A       100%        5


Dungeon Overview and Level Annotations

Branches:
Dungeon (1/1)

Altars:
Cheibriados
Dithmenos
Elyvilon
Fedhas
Gozag
Hepliaklqana
Kikubaaqudgha
Makhleb
Nemelex Xobeh
Okawaru
Qazlal
Ru
Sif Muna
Trog
Uskayaw
Vehumet
Wu Jian
Xom
Yredelemnul
Zin
The Shining One
Jiyva
Lugonu


Innate Abilities, Weirdness & Mutations

You have a pair of horns on your head.
You reflexively headbutt those who attack you in melee.


Message History

The orc knight hits you but does no damage.
You are confused.
You feel invigorated. The orc warrior closely misses you.
The orc knight hits you but does no damage.
The orc knight hits you with a +0 war axe!
* * * LOW HITPOINT WARNING * * *
The orc warrior hits you but does no damage.
The orc high priest prays to Beogh.
An orc warrior comes into view. It is wielding a +0 hand axe.
The orc warrior hits you from afar with a +0 halberd!
* * * LOW HITPOINT WARNING * * *
The orc knight roars a battlecry!
The orc warrior goes into a battle-frenzy!
The orc high priest no longer looks unusually strong.
The orc warrior hits you from afar with a +0 halberd.
* * * LOW HITPOINT WARNING * * *
The orc knight barely misses you.
The orc knight roars a battlecry!
The orc high priest goes into a battle-frenzy!
The orc warrior hits you but does no damage.
The orc warrior no longer looks unusually strong.
The orc warrior hits you from afar with a +0 halberd.
* * * LOW HITPOINT WARNING * * *
The orc knight roars a battlecry!
The orc warrior goes into a battle-frenzy!
The orc knight hits you with a +0 war axe.
* * * LOW HITPOINT WARNING * * *
The orc warrior hits you from afar with a +0 halberd.
* * * LOW HITPOINT WARNING * * *
The orc high priest prays.
The orc knight hits you but does no damage.
The orc warrior hits you from afar with a +0 halberd!
* * * LOW HITPOINT WARNING * * *
You feel less invigorated.
You feel less confused.
The orc warrior hits you from afar with a +0 halberd!
* * * LOW HITPOINT WARNING * * *
The orc knight hits you with a +0 war axe!
You die...
Your body crumbles into a pile of gold.

_______________________'.....)...
▓▓▓▓▓▓▓▓▓▓▓▓▓▓▓▓▓▓▓▓▓▓▓▓▓▓▓▓▓▓▓▓▓
.................................
▓▓▓▓▓▓▓▓▓▓▓▓▓▓▓▓▓▓▓▓▓▓▓▓▓▓▓▓▓▓▓▓▓
........'.........'....??[)!..!!'
▓▓▓▓▓▓▓▓▓▓▓▓▓▓▓▓▓▓▓▓▓▓▓▓▓▓▓▓▓▓▓▓▓
....................)............
▓▓▓▓▓▓▓▓▓▓▓▓▓▓▓▓▓▓▓▓▓▓▓▓▓▓▓▓▓▓▓▓▓
$$$$o.o$$$o4oooo@)[))).)))'......
▓▓▓▓▓▓▓▓▓▓▓▓▓▓▓▓▓▓▓▓▓▓▓▓▓▓▓▓▓


You could see an orc knight, an orc high priest (strong), an orange demon
(summoned) and 3 orc warriors.

Vanquished Creatures
  2 dire elephants (D)
  2 hydras (D)
  2 centaur warriors (D)
  Erica (D)
  An orc high priest (D)
  2 orc knights (D)
  An ugly thing (D)
  6 elephants (D)
  6 cane toads (D)
  A komodo dragon (D)
  2 trolls (D)
  A blink frog (D)
  A slime creature (D)
  2 wyverns (D)
  An acid dragon (D)
  3 water moccasins (D)
  5 orc warriors (D)
  A centaur (D)
  A scorpion (D)
  3 bullfrogs (D)
  A killer bee (D)
  A howler monkey (D)
  A hound (D)
  3 orc priests (D)
  A hell rat (D)
  3 orc wizards (D)
  An adder (D)
  A white imp (D)
  6 orcs (D)
  A ball python (D)
  A giant cockroach (D)
  A hobgoblin (D)
  A kobold (D)
  A goblin (D)
67 creatures vanquished.

Vanquished Creatures (others)
  A vampire (D)
1 creature vanquished.

Grand Total: 68 creatures vanquished

Notes
Turn   | Place    | Note
-------+----------+-------------------------------------------
     0 | D        | Heoruswealwe the Minotaur Fighter began the quest for the
                  | Orb.
     0 | D        | Reached XP level 1. HP: 19/19 MP: 0/0
     9 | D        | Reached skill level 3 in Polearms
    33 | D        | Noticed a howler monkey
    33 | D        | Noticed a hound
    35 | D        | Killed a hound
    36 | D        | Reached skill level 5 in Fighting
    36 | D        | Reached skill level 5 in Polearms
    36 | D        | Reached skill level 5 in Armour
    36 | D        | Reached XP level 2. HP: 29/29 MP: 1/1
    36 | D        | Reached XP level 3. HP: 36/36 MP: 2/2
    44 | D        | Reached skill level 7 in Polearms
    44 | D        | Reached XP level 4. HP: 37/44 MP: 3/3
    54 | D        | Found a snail-covered altar of Cheibriados.
    54 | D        | Found a shadowy altar of Dithmenos.
    54 | D        | Found a white marble altar of Elyvilon.
    54 | D        | Found a blossoming altar of Fedhas.
    54 | D        | Found an opulent altar of Gozag.
    55 | D        | Found a hazy altar of Hepliaklqana.
    56 | D        | Found a viscous altar of Jiyva.
    57 | D        | Found an ancient bone altar of Kikubaaqudgha.
    58 | D        | Found a corrupted altar of Lugonu.
    59 | D        | Found a burning altar of Makhleb.
    60 | D        | Found a sparkling altar of Nemelex Xobeh.
    61 | D        | Found an iron altar of Okawaru.
    62 | D        | Became a worshipper of Gozag Ym Sagoz the Greedy
    63 | D        | Found a stormy altar of Qazlal.
    64 | D        | Found a sacrificial altar of Ru.
    65 | D        | Found a shimmering blue altar of Sif Muna.
    66 | D        | Found a bloodstained altar of Trog.
    67 | D        | Found a hide-covered altar of Uskayaw.
    68 | D        | Found a radiant altar of Vehumet.
    69 | D        | Found an ornate altar of the Wu Jian Council.
    70 | D        | Found a shimmering altar of Xom.
    71 | D        | Found a basalt altar of Yredelemnul.
    72 | D        | Found a glowing silver altar of Zin.
    73 | D        | Found a glowing golden altar of the Shining One.
   138 | D        | Noticed an acid dragon
   138 | D        | Noticed a centaur
   138 | D        | Noticed a vampire
   138 | D        | Noticed a wyvern
   138 | D        | Noticed a troll
   150 | D        | Killed a troll
   151 | D        | Reached skill level 11 in Polearms
   151 | D        | Reached XP level 5. HP: 34/56 MP: 4/4
   151 | D        | Reached XP level 6. HP: 38/62 MP: 5/5
   159 | D        | Killed a wyvern
   160 | D        | Reached skill level 12 in Polearms
   166 | D        | Killed a vampire
   167 | D        | Reached skill level 10 in Fighting
   167 | D        | Reached skill level 13 in Polearms
   167 | D        | Reached skill level 10 in Armour
   167 | D        | Reached XP level 7. HP: 31/72 MP: 6/6
   179 | D        | Reached skill level 14 in Polearms
   332 | D        | Noticed a centaur warrior
   332 | D        | Noticed a brown ugly thing
   332 | D        | Noticed a slime creature
   332 | D        | Noticed a troll
   332 | D        | Noticed an eight-headed hydra
   332 | D        | Noticed a centaur warrior
   338 | D        | Killed a centaur warrior
   339 | D        | Reached skill level 15 in Polearms
   339 | D        | Reached XP level 8. HP: 83/83 MP: 7/7
   343 | D        | Killed a 12-headed hydra
   344 | D        | Reached skill level 16 in Polearms
   344 | D        | Reached XP level 9. HP: 88/92 MP: 8/8
   345 | D        | Killed a troll
   346 | D        | Reached skill level 17 in Polearms
   353 | D        | Killed a brown ugly thing
   354 | D        | Reached skill level 18 in Polearms
   361 | D        | Killed a centaur warrior
   563 | D        | Noticed a komodo dragon
   563 | D        | Noticed a cane toad
   567 | D        | Reached skill level 19 in Polearms
   572 | D        | Noticed a cane toad
   574 | D        | Killed a cane toad
   575 | D        | Reached XP level 10. HP: 99/104 MP: 9/9
   586 | D        | Killed a cane toad
   591 | D        | Reached skill level 20 in Polearms
   680 | D        | Noticed a four-headed hydra
   680 | D        | Noticed a cane toad
   680 | D        | Noticed a cane toad
   684 | D        | Killed a cane toad
   685 | D        | Reached skill level 15 in Fighting
   685 | D        | Reached skill level 15 in Armour
   687 | D        | Noticed a cane toad
   694 | D        | Killed a seven-headed hydra
   697 | D        | Noticed a cane toad
   705 | D        | Killed a cane toad
   709 | D        | Killed a cane toad
   710 | D        | Reached skill level 21 in Polearms
   715 | D        | Killed a cane toad
   744 | D        | Noticed an elephant
   744 | D        | Noticed an elephant
   744 | D        | Noticed an elephant
   744 | D        | Noticed a dire elephant
   744 | D        | Noticed a dire elephant
   744 | D        | Noticed an elephant
   745 | D        | Noticed an elephant
   752 | D        | Killed a dire elephant
   761 | D        | Killed a dire elephant
   762 | D        | Reached skill level 22 in Polearms
   762 | D        | Reached XP level 11. HP: 48/115 MP: 10/10
   801 | D        | Reached skill level 23 in Polearms
  1115 | D        | Noticed Erica
  1126 | D        | Killed Erica
  1294 | D        | Noticed an orc knight
  1294 | D        | Noticed an orc high priest
  1294 | D        | Noticed an orc knight
  1304 | D        | Killed an orc knight
  1307 | D        | Noticed an orc knight
  1315 | D        | Noticed a sun demon
  1327 | D        | Noticed an orc high priest
  1329 | D        | Killed an orc high priest
  1338 | D        | Killed an orc knight
  1339 | D        | Reached skill level 24 in Polearms
  1354 | D        | Mangled by an orc knight

Illustrated notes

Levels and vault maps discovered:
D:        linesprint [early_d, line_temple, items_1, d_10, items_2, lair_1,
          lair_end, items_3, orc_1, orc_end, items_4, d_15, swamp_1, shoals_1,
          snake_1, spider_1, d_20, vaults_1, items_5, swamp_end, shoals_end,
          snake_end, spider_end, vaults_end, d_27, items_6, zot_1, zot_end,
          crypt_end, forest_end, elf_end, slime_end, tomb_end, abyss_end,
          pan_hell_end]

Skill      XL: |  1  2  3  4  5  6  7  8  9 10 11 |
---------------+----------------------------------+-----
Polearms       | 5 7 11 13 15 16 19 22 24 | 24.0
Fighting       | 5 6 8 10 11 12 14 16 17 | 17.9
Armour         | 5 6 8 10 11 12 14 16 17 | 17.9
Shields        | |  3.6

Action                     |  1- 3 |  4- 6 |  7- 9 | 10-12 || total
---------------------------+-------+-------+-------+-------++-------
  Melee: Trident           |    32 |     4 |       |       ||    36
         Headbutt          |     2 |     2 |    10 |    43 ||    57
         Halberd           |       |    25 |    46 |   173 ||   244
    Use: Potion            |       |     3 |     1 |    11 ||    15
         Scroll            |       |       |       |     1 ||     1
   Stab: Distracted        |       |       |       |     2 ||     2
 Armour: Scale mail        |    13 |     1 |       |       ||    14
         Chain mail        |       |    28 |    41 |    37 ||   106
         Plate armour      |       |       |       |    13 ||    13
  Dodge: Dodged            |     9 |    14 |    19 |    34 ||    76
  Block: Buckler           |     7 |       |       |       ||     7
